 Dungeon Crawl Stone Soup version 0.29.1-2-gbd0b4ee654 (webtiles) character file.

Game seed: 16652323938338809351

196 LustLizard the Sneak (level 5, -3/24 HPs)
             Began as a Spriggan Enchanter on Nov 21, 2022.
             Slain by an orc
             ... wielding a +2 flail of holy wrath
              (8 damage)
             ... on level 3 of the Dungeon.
             The game lasted 00:07:28 (3285 turns).

LustLizard the Sneak (Spriggan Enchanter)           Turns: 3285, Time: 00:07:29

Health: -3/24      AC:  3    Str:  4    XL:     5   Next: 45%
Magic:  8/20       EV: 18    Int: 18    God:
Gold:   118        SH:  0    Dex: 16    Spells: 6/11 levels left

rFire   . . .      SeeInvis +   a - +1 dagger
rCold   . . .      Faith    .   (no shield)
rNeg    . . .      Spirit   .   b - +0 robe
rPois   .          Reflect  .   (helmet restricted)
rElec   .          Harm     .   g - +0 cloak
rCorr   .          Rampage  .   (gloves unavailable)
Will    .....                   (boots unavailable)
Stlth   +.........              (no amulet)
HPRegen 0.08/turn               k - ring of magical power
MPRegen 0.17/turn               (no ring)

@: confused, very quick
A: very small, no large weapons, unfitting armour, see invisible, speed 3
a: no special abilities


You were on level 3 of the Dungeon.
You visited 1 branch of the dungeon, and saw 3 of its levels.

You collected 156 gold pieces.
You spent 38 gold pieces at shops.

Inventory:

Hand Weapons
 a - a +1 dagger (weapon)
Armour
 b - a +0 robe (worn)
 g - a +0 cloak (worn)
Jewellery
 j - a ring of ice
 k - a ring of magical power (left hand)
 q - a ring of ice
Wands
 r - a wand of light (9)
Scrolls
 h - a scroll of immolation {unknown}
 i - 3 scrolls of magic mapping {unknown}
 m - 3 scrolls of enchant weapon {unknown}
 p - a scroll of teleportation {unknown}
 s - a scroll of identify {unknown}
Potions
 c - 2 potions of invisibility
 d - a potion of lignification {unknown}
 e - 2 potions of degeneration {unknown}
 f - 2 potions of haste {unknown}
 l - 2 potions of mutation {unknown}
 n - a potion of curing {unknown}
 o - a potion of experience {unknown}
 t - 2 potions of heal wounds {unknown}
 u - a potion of ambrosia {unknown}


   Skills:
 * Level 3.2 Short Blades
 + Level 3.6 Dodging
 + Level 5.5 Stealth
 + Level 3.6 Spellcasting
 * Level 5.0 Hexes


You had 6 spell levels left.
You knew the following spells:

 Your Spells              Type           Power      Damage    Failure   Level
a - Ensorcelled Hibernat  Hex/Ice        24%        N/A       9%          2
b - Tukima's Dance        Hex            21%        N/A       6%          3

Your spell library contained the following spells:

 Spells                   Type           Power      Damage    Failure   Level
 Confusing Touch          Hex            21%        N/A       6%          3
 Dazzling Flash           Conj/Hex       24%        N/A       16%         3


Dungeon Overview and Level Annotations

Branches:
Dungeon (3/15)

Altars:
Elyvilon
Zin
The Shining One

Shops:
D:1 *   D:2 *


Innate Abilities, Weirdness & Mutations

You are very small and have problems with some larger weapons.
You are too small for most types of armour.
You have supernaturally acute eyesight. (SInv)
You cover ground extremely quickly. (Speed+++)


Message History

Casting: Ensorcelled Hibernation (safe; 9% risk of failure)
Confirm with . or Enter, or press ? or * to list all spells.
Aiming: Ensorcelled Hibernation (safe; 9% risk of failure)
Press: ? - help, Shift-Dir - straight line, f/p - orc wizard
Aim: an orc wizard, wielding a +0 spear and wearing a +0 robe (chance to affect: 46%)
The orc wizard resists with some effort.
The orc wizard completely misses you.
The orc wizard points at you and mumbles some strange words.
The puff of flame hits you!
Unknown command.
Casting: Ensorcelled Hibernation (safe; 9% risk of failure)
Confirm with . or Enter, or press ? or * to list all spells.
Aiming: Ensorcelled Hibernation (safe; 9% risk of failure)
Press: ? - help, Shift-Dir - straight line, f/p - orc wizard
Aim: an orc wizard, wielding a +0 spear and wearing a +0 robe (chance to affect: 46%)
The orc wizard resists with some effort.
The orc wizard points at you and mumbles some strange words.
The puff of flame hits you.
The orc wizard points at you and mumbles some strange words.
The magic dart hits you.
* * * LOW HITPOINT WARNING * * *
Unknown command.
Casting: Ensorcelled Hibernation (safe; 9% risk of failure)
Confirm with . or Enter, or press ? or * to list all spells.
Aiming: Ensorcelled Hibernation (safe; 9% risk of failure)
Press: ? - help, Shift-Dir - straight line, f/p - orc wizard
Aim: an orc wizard, wielding a +0 spear and wearing a +0 robe (chance to affect: 46%)
The orc wizard looks drowsy...
The orc wizard points at you and mumbles some strange words.
You are confused.
You hear a shout!
You hit the orc wizard.
The orc wizard shouts!
The orc wizard is moderately wounded.
The orc wizard barely misses you. The orc wizard completely misses you.
An orc comes into view.
It is wielding a +2 flail of holy wrath.
The orc shouts!
The orc wizard barely misses you.
The orc hits you with a +2 flail of holy wrath!
You die...

..#.#♣♣...♣♣.#..#.###
....♣♣.._..♣##..# .≈≈#..
##.#8......♣....# ###.≈≈#g
##.....8._.♣.##.# #...≈≈####
##..8......♣.##.#.#.#.≈≈≈≈≈≈
###.♣♣.._..♣......#.#.≈≈≈≈≈≈
###..♣♣...♣♣..#####.#.......
......♣♣♣♣♣...##.o........##
.##..#.♣♣♣#.).##@##.o....oo.
.##..#...........o#)#.....##
..>..............o..##.....o
...#.#............### ...###
.#.....####...##.........#
.....### #...#########....
#.#### #...# .### #.# #...#
.# ..# ##.##


You could see 2 orc wizards and an orc.

Vanquished Creatures
  A scorpion (D:3)
  2 orc wizards (D:2)
  3 adders
  4 worms
  2 dart slugs
  5 orcs
  6 ball pythons
  4 bats
  2 endoplasms (D:2)
  A giant cockroach (D:3)
  3 goblins
  A hobgoblin (D:2)
  2 kobolds (D:2)
  4 quokkas
  3 frilled lizards
  4 rats
47 creatures vanquished.

Notes
Turn   | Place    | Note
-------+----------+-------------------------------------------
     0 | D:1      | LustLizard the Spriggan Enchanter began the quest for the
                  | Orb.
     0 | D:1      | Reached XP level 1. HP: 9/9 MP: 5/5
   573 | D:1      | Found Doluwkuf's General Store.
   617 | D:1      | Reached XP level 2. HP: 13/13 MP: 6/6
   992 | D:2      | Found a faded altar of an unknown god.
  1115 | D:2      | Learned a level 2 spell: Ensorcelled Hibernation
  1349 | D:2      | Reached XP level 3. HP: 16/16 MP: 5/8
  1801 | D:2      | Reached XP level 4. HP: 21/21 MP: 0/9
  1994 | D:2      | Reached skill level 5 in Stealth
  2242 | D:2      | Found Ecsobroth's Assorted Antiques.
  2308 | D:2      | Bought a scroll labelled OLACRA ITZAME for 20 gold pieces
  2308 | D:2      | Bought a red potion for 18 gold pieces
  2732 | D:3      | Learned a level 3 spell: Tukima's Dance
  2908 | D:3      | Found a glowing golden altar of the Shining One.
  2908 | D:3      | Found a glowing silver altar of Zin.
  2909 | D:3      | Found a white marble altar of Elyvilon.
  3187 | D:3      | Noticed a scorpion
  3191 | D:3      | Killed a scorpion
  3192 | D:3      | Reached skill level 5 in Hexes
  3192 | D:3      | Reached XP level 5. HP: 24/24 MP: 11/11
  3285 | D:3      | Slain by an orc

Illustrated notes

Levels and vault maps discovered:
D:1:      minmay_arrival_four_houses, layout_loops_ring, serial_shops,
          nicolae_shop_advertising_works [nicolae_subvault_shop_adworks]
D:2:      layout_rooms, serial_shops, nicolae_shop_trees,
          nicolae_ecumenical_pavilion
D:3:      layout_loops_cross, good_gods_temple_1, gammafunk_ghost_gnarly_gnolls,
          minmay_cut_off

Skill      XL: |  1  2  3  4 |
---------------+-------------+-----
Hexes          | 4 5 |  5.0
Spellcasting   | 3 |  3.6
Dodging        | 3 |  3.6
Short Blades   | 2 3 |  3.2
Stealth        | 5 |  5.5

Action                   |  1- 3 |  4- 6 || total
-------------------------+-------+-------++-------
Melee: Dagger            |    88 |    48 ||   136
 Cast: Ensorcelled Hiber |    16 |    35 ||    51
 Stab: Sleeping          |    13 |    14 ||    27
Armor: Robe              |     7 |     6 ||    13
Dodge: Dodged            |    63 |    42 ||   105
